 Dungeon Crawl Stone Soup version 0.28.0 (webtiles) character file.

Game seed: 4339523014324102345

53 crazypyro the Sneak (level 3, -1/37 HPs)
             Began as an Ogre Wanderer on Feb 16, 2022.
             Was a Follower of Vehumet.
             Succumbed to an adder's poison
             ... on level 2 of the Dungeon.
             The game lasted 00:01:23 (1147 turns).

crazypyro the Sneak (Ogre Wanderer)                 Turns: 1147, Time: 00:01:24

Health: -1/37      AC:  3    Str: 15    XL:     3   Next: 89%
Magic:  3/3        EV:  9    Int: 13    God:    Vehumet [*.....]
Gold:   29         SH:  0    Dex: 11    Spells: 2/3 levels left

rFire   . . .      SeeInvis .   a - +2 dagger
rCold   . . .      Faith    .   (no shield)
rNeg    . . .      Spirit   .   e - +0 robe
rPois   .          Reflect  .   (helmet restricted)
rElec   .          Harm     .   (no cloak)
rCorr   .          Rampage  .   (gloves unavailable)
Will    .....                   (boots unavailable)
Stlth   ++........              (no amulet)
HPRegen 0.12/turn               (no ring)
MPRegen 0.08/turn               (no ring)

@: lethally poisoned (-1 -> -9)
A: large, unfitting armour, tough skin 1
a: Renounce Religion


You were on level 2 of the Dungeon.
You worshipped Vehumet.
Vehumet was aware of your devotion.
You visited 1 branch of the dungeon, and saw 2 of its levels.

You collected 29 gold pieces.

Inventory:

Hand Weapons
 a - a +2 dagger (weapon)
 c - a +0 falchion
Armour
 e - a +0 robe (worn)
Scrolls
 d - 4 scrolls of teleportation
 h - a scroll of torment {unknown}
 i - 2 scrolls of blinking {unknown}
 j - a scroll of identify {unknown}
Potions
 b - a potion of haste
 f - a potion of brilliance {unknown}
 g - a potion of might {unknown}
 k - a potion of degeneration {unknown}
 l - a potion of lignification {unknown}
 m - a potion of ambrosia {unknown}


   Skills:
 - Level 3.2 Fighting
 - Level 1.7 Long Blades
 * Level 1.8 Maces & Flails
 + Level 0.7 Dodging
 + Level 3.9 Stealth
 + Level 0.6 Spellcasting
 + Level 0.2 Air Magic
 - Level 1.0 Evocations


You had 2 spell levels left.
You knew the following spells:

 Your Spells              Type           Power      Damage    Failure   Level
a - Shock                 Conj/Air       0%         1d3       28%         1

Your spell library contained the following spells:

 Spells                   Type           Power      Damage    Failure   Level


Dungeon Overview and Level Annotations

Branches:
Dungeon (2/15)

Altars:
Vehumet


Innate Abilities, Weirdness & Mutations

You are too large for most types of armour.
You have tough skin. (AC +1)


Message History

The adder is moderately wounded.
You feel sick. The adder bites you.
You are more poisoned.
The adder poisons you!
You hit the adder but do no damage.
The adder is moderately wounded.
You feel sick. The adder bites you.
You are more poisoned.
The adder poisons you!
You barely miss the adder.
The adder is moderately wounded.
You feel sick. The adder closely misses you.
You closely miss the adder.
The adder is lightly wounded.
You feel sick. The adder bites you. x2
You hit the adder.
The adder is heavily wounded.
You feel sick. The adder barely misses you.
You completely miss the adder.
The adder is heavily wounded.
You feel sick. The adder barely misses you.
You closely miss the adder.
The adder is heavily wounded.
You feel sick. The adder bites you.
* * * LOW HITPOINT WARNING * * *
You are lethally poisoned!
The adder poisons you!
You hit the adder.
The adder is severely wounded.
* * * LOW HITPOINT WARNING * * *
You feel sick. The adder bites you.
* * * LOW HITPOINT WARNING * * *
You are more poisoned.
The adder poisons you! The adder bites you but does no damage.
You hit the adder.
You kill the adder!
Vehumet accepts your kill.
* * * LOW HITPOINT WARNING * * *
You feel sick.
You die...

.....#..# .....#...
.......#.#.#
.......#....# ###
..........#.### ..#####
..............###......#
.......##..............#
.......#...............#
......#.........@......#
......#................#
......#................#
......#..............###
......#...).#...#....#
......##...###.###..##
###..........### ..#
#.######.### ..# #.#
...# .#


There were no monsters in sight!

Vanquished Creatures
  3 adders (D:2)
  2 dart slugs
  An orc (D:2)
  2 endoplasms (D:1)
  2 giant cockroaches
  2 goblins (D:2)
  3 hobgoblins
  A quokka (D:1)
  A ball python (D:2)
  A bat (D:2)
  A frilled lizard (D:1)
  2 kobolds (D:1)
  2 rats
23 creatures vanquished.

Notes
Turn   | Place    | Note
-------+----------+-------------------------------------------
     0 | D:1      | crazypyro the Ogre Wanderer began the quest for the Orb.
     0 | D:1      | crazypyro set off with the following items: a +2 dagger, a
                  | potion of haste, a +0 falchion, a scroll of teleportation,
                  | a +0 robe
     0 | D:1      | Reached XP level 1. HP: 22/22 MP: 1/1
   228 | D:1      | Reached XP level 2. HP: 26/29 MP: 2/2
   272 | D:1      | Reached skill level 1 in Maces & Flails
   593 | D:2      | Found a faded altar of an unknown god.
   606 | D:2      | Reached XP level 3. HP: 13/37 MP: 3/3
   877 | D:2      | Prayed at the altar of an unknown god.
   877 | D:2      | Became a worshipper of Vehumet
   877 | D:2      | Reached * piety under Vehumet
   877 | D:2      | Offered knowledge of Shock by Vehumet.
   880 | D:2      | Learned a level 1 spell: Shock
  1146 | D:2      | HP: 1/37 [poisoned by an adder]
  1147 | D:2      | Succumbed to an adder's poison

Illustrated notes

Levels and vault maps discovered:
D:1:      dpeg_arrival_round_a, layout_basic
D:2:      layout_rooms, basic_ecumenical_altar, minmay_between

Skill      XL: |  1  2 |
---------------+-------+-----
Maces & Flails | 1 |  1.8
Fighting       | 3 |  3.2
Long Blades    | |  1.7
Dodging        | |  0.7
Stealth        | |  3.9
Spellcasting   | |  0.6
Air Magic      | |  0.2
Evocations     | |  1.0

Action                   || total
-------------------------++-------
Melee: Dagger            ||    76
       Punch             ||     1
 Stab: Sleeping          ||     5
Armor: Robe              ||    25
Dodge: Dodged            ||    29
